Map: Backwater LE

Players

Dark - Winner!

  • Race: Zerg Zerg
  • Spawn Location: 11:00

Maru

  • Race: Terran Terran
  • Spawn Location: 5:00

Event: WESG 2017 Haikou

VOD

Have the link to the VOD?

Description

Time

  • Played on: March 17, 2018, 9:32 p.m.
  • Length: 32:27

All games in this series

Show
View Real Time Build Order
Export as new Build Order

Dark Zerg - Winner!

Build Orders: Hatch First, Brood Lord Corruptor, Muta Ling Bane 

Get SALT Encoding   

  12  0:00  Drone  
  13  0:12  Overlord  
  13  0:16  Drone  
  14  0:31  Drone x2  
  16  0:37  Drone  
  17  0:51  Hatchery  
  17  0:54  Drone  
  17  0:58  Drone  
  18  1:08  Extractor  
  17  1:14  Spawning Pool  
  17  1:15  Drone  
  17  1:18  Drone  
  18  1:28  Drone  
  19  1:39  Drone  
  20  1:51  Overlord  
  20  2:03  Queen  
  20  2:04  Queen  
  20  2:05  Zergling x4  
  26  2:11  Metabolic Boost  
  26  2:14  Drone  
  26  2:15  Drone  
  28  2:33  Drone, Extractor  
  28  2:34  Drone x2  
  30  2:37  Drone  
  30  2:39  Queen  
  33  2:46  Overlord  
  33  2:48  Drone  
  34  2:53  Extractor  
  34  2:55  Drone  
  36  2:59  Hatchery  
  36  3:01  Drone  
  36  3:07  Drone  
  36  3:09  Drone  
  36  3:10  Drone  
  39  3:14  Drone x2  
  39  3:18  Drone x2  
  39  3:19  Drone  
  43  3:30  Roach Warren  
  43  3:31  Drone  
  43  3:33  Extractor  
  43  3:34  Drone x2, Extractor  
  43  3:36  Drone  
  44  3:44  Overlord  
  44  3:46  Overlord  
  44  4:00  Overlord x2  
  43  4:10  Roach  
  43  4:11  Roach x4  
  43  4:12  Roach x2  
  57  4:20  Spore Crawler  
  57  4:23  Roach x3  
  61  4:39  Zergling x2  
  61  4:40  Zergling x10  
  64  4:45  Zergling x4  
  64  4:50  Zergling x8  
  64  4:52  Ravager x3  
  72  4:54  Ravager  
  72  4:55  Zergling x2  
  74  5:03  Overlord  
  74  5:17  Ravager  
  73  5:23  Ravager  
  69  5:28  Zergling x2  
  63  5:37  Zergling x22  
  63  5:40  Ravager  
  73  5:43  Zergling x4  
  73  5:44  Zergling x2  
  76  5:55  Zergling x4  
  71  6:01  Drone  
  65  6:04  Drone x2  
  65  6:05  Drone  
  65  6:09  Ravager  
  65  6:10  Lair  
  65  6:11  Drone  
  69  6:15  Drone x2  
  67  6:21  Drone  
  67  6:25  Drone x2  
  64  6:34  Drone x2  
  64  6:35  Drone  
  67  6:42  Drone, Evolution Chamber  
  67  6:44  Evolution Chamber  
  65  6:47  Drone x2  
  65  6:48  Drone  
  65  6:49  Drone x2  
  65  6:50  Drone x3  
  73  6:54  Drone  
  73  6:58  Drone x2  
  76  7:04  Queen  
  76  7:07  Overlord  
  76  7:08  Drone x4  
  82  7:09  Overlord  
  82  7:14  Glial Reconstitution  
  81  7:16  Zerg Missile Weapons Level 1, Zerg Ground Armor Level 1  
  81  7:23  Overlord  
  81  7:26  Extractor  
  81  7:27  Extractor x2  
  78  7:32  Drone x2, Spire  
  78  7:34  Infestation Pit  
  78  7:35  Drone x3  
  81  7:37  Drone x2  
  81  7:38  Drone  
  81  7:39  Overseer  
  81  7:41  Drone  
  81  7:42  Drone  
  81  7:43  Drone  
  87  7:44  Drone  
  87  7:48  Drone x3  
  91  7:55  Drone  
  92  8:00  Drone  
  92  8:02  Hatchery  
  92  8:04  Overlord x2  
  92  8:08  Overlord  
  92  8:15  Hive  
  92  8:19  Drone x3  
  95  8:22  Drone  
  95  8:23  Overlord x2  
  95  8:26  Drone x3  
  99  8:30  Drone  
  100  8:40  Drone  
  100  8:41  Baneling Nest  
  100  8:46  Mutalisk x6  
  112  8:49  Roach  
  112  8:52  Roach  
  112  8:53  Roach x4  
  124  8:59  Drone, Hatchery  
  124  9:06  Roach x2  
  124  9:08  Hatchery  
  127  9:10  Zerg Melee Weapons Level 1  
  127  9:13  Zerg Ground Armor Level 2  
  127  9:19  Zergling x8  
  127  9:23  Overlord  
  127  9:24  Overlord  
  131  9:28  Ultralisk Cavern  
  131  9:30  Drone x3  
  133  9:31  Extractor  
  133  9:32  Drone  
  133  9:36  Adrenal Glands  
  133  9:38  Centrifical Hooks  
  133  9:48  Zergling x20  
  133  9:50  Baneling x6  
  133  9:51  Baneling x2  
  143  9:56  Drone  
  143  9:59  Drone x2  
  147  10:00  Drone x2  
  147  10:02  Overlord x3  
  144  10:09  Overlord x3  
  144  10:12  Hydralisk Den  
  144  10:13  Drone x5  
  148  10:15  Drone  
  148  10:16  Baneling x2  
  148  10:18  Chitinous Plating  
  149  10:26  Viper  
  149  10:27  Viper  
  155  10:29  Ultralisk  
  155  10:31  Drone x4  
  165  10:40  Drone, Overlord x2  
  165  10:41  Spore Crawler  
  165  10:44  Grooved Spines  
  165  10:52  Hatchery  
  165  10:54  Spore Crawler  
  165  10:55  Drone x4  
  167  10:57  Extractor  
  166  11:06  Ultralisk  
  172  11:22  Zerg Melee Weapons Level 2  
  172  11:33  Queen  
  172  11:38  Corruptor x4  
  172  11:39  Corruptor x3  
  182  11:40  Corruptor  
  182  11:45  Pneumatized Carapace  
  182  11:50  Extractor  
  182  11:52  Drone x2, Extractor  
  182  11:53  Drone, Spine Crawler  
  178  11:54  Spine Crawler  
  178  12:00  Zerg Ground Armor Level 3  
  177  12:05  Greater Spire  
  177  12:20  Zergling x36  
  177  12:21  Zergling x8  
  199  12:28  Overlord x2  
  199  12:35  Overseer x3  
  199  12:46  Spire  
  194  12:59  Baneling x3  
  194  13:00  Baneling  
  194  13:10  Drone  
  194  13:11  Drone x4  
  199  13:23  Zerg Flyer Weapons Level 1  
  187  13:29  Infestor  
  187  13:30  Infestor x3  
  187  13:32  Baneling x7  
  195  13:40  Spore Crawler  
  194  13:42  Spore Crawler  
  194  13:47  Spore Crawler  
  192  13:55  Spore Crawler x2  
  189  13:59  Zerg Melee Weapons Level 3  
  189  14:00  Zerg Flyer Armor Level 1  
  186  14:05  Burrow  
  180  14:13  Drone x6  
  174  14:20  Drone x5  
  174  14:21  Drone  
  174  14:23  Brood Lord x8  
  196  14:37  Corruptor x2, Spore Crawler, Zerg Missile Weapons Level 2  
  198  14:46  Spore Crawler  
  198  14:48  Spore Crawler x2  
  198  14:50  Drone x2  
  198  14:51  Drone  
  198  14:52  Drone x2, Spore Crawler x2  
  193  14:53  Drone  
  193  14:58  Corruptor x3  
  200  15:14  Overlord  
  200  15:16  Overlord  
  198  15:21  Baneling  
  198  15:22  Baneling x4  
  198  15:31  Hatchery  
  197  15:36  Drone x2  
  197  15:37  Spine Crawler  
  197  15:38  Spine Crawler  
  197  15:39  Spore Crawler  
  192  16:10  Corruptor x5  
  200  16:11  Zerg Flyer Armor Level 2, Zerg Flyer Weapons Level 2  
  200  16:19  Baneling  
  200  16:20  Baneling  
  200  16:35  Muscular Augments  
  199  16:58  Spore Crawler  
  199  16:59  Spore Crawler x4  
  199  17:00  Spore Crawler  
  199  17:01  Corruptor x4, Spore Crawler x2  
  196  17:38  Drone  
  147  18:02  Hydralisk x5  
  147  18:03  Hydralisk x2  
  147  18:04  Hydralisk x5  
  159  18:08  Hydralisk x4  
  159  18:09  Zergling x2  
  159  18:10  Zergling x60  
  159  18:11  Zergling x2  
  199  18:13  Hatchery  
  199  18:16  Overseer  
  195  18:20  Zergling x8  
  199  18:36  Baneling  
  199  18:37  Baneling x11  
  199  18:43  Baneling x5  
  188  18:50  Zergling x12  
  188  18:51  Baneling x11  
  188  18:52  Zergling x4  
  193  18:56  Zergling x6  
  193  18:57  Zergling x8  
  193  18:58  Zergling x12  
  185  19:05  Zergling x4  
  155  19:12  Hydralisk x5  
  155  19:13  Hydralisk x14  
  155  19:15  Zergling x30  
  155  19:16  Zergling x6  
  190  19:23  Zerg Flyer Weapons Level 3, Zerg Flyer Armor Level 3  
  183  19:26  Extractor x2  
  183  19:28  Baneling x10  
  183  19:29  Hydralisk x3, Baneling x8  
  183  19:30  Zerg Missile Weapons Level 3  
  183  19:31  Zergling x8  
  191  19:33  Zergling x4  
  191  19:34  Zergling x2  
  191  19:35  Zergling x4  
  191  19:36  Zergling x6  
  191  19:37  Zergling x2, Overseer  
  191  19:38  Overseer  
  200  19:40  Baneling x12  
  200  19:41  Baneling x9  
  200  19:47  Baneling x2  
  200  19:51  Zergling x2  
  200  19:52  Zergling x2  
  198  19:57  Zergling x10  
  198  19:58  Zergling x22  
  187  20:02  Zergling x8  
  163  20:10  Hydralisk x2  
  163  20:11  Hydralisk x3  
  163  20:12  Zergling x4  
  163  20:13  Zergling x2  
  154  20:15  Hydralisk x2  
  140  20:26  Baneling x6  
  140  20:27  Baneling x2  
  140  20:28  Corruptor x6  
  138  20:29  Corruptor x2  
  138  20:33  Drone  
  138  20:34  Drone x2  
  157  20:37  Baneling x2  
  156  20:43  Corruptor x9  
  156  20:45  Overseer  
  169  20:51  Zergling x2  
  169  20:52  Zergling x32  
  169  20:54  Baneling x2  
  185  21:00  Baneling x5  
  185  21:01  Zergling x14  
  185  21:02  Zergling x2, Overseer x2  
  193  21:05  Spore Crawler  
  193  21:07  Spine Crawler  
  193  21:08  Spine Crawler  
  190  21:15  Extractor  
  190  21:17  Drone, Hatchery, Extractor  
  190  21:18  Drone  
  185  21:31  Drone x4  
  185  21:32  Drone x5  
  194  21:34  Baneling x5  
  191  21:41  Drone, Spore Crawler x2  
  191  21:42  Drone x6, Spore Crawler  
  193  21:59  Baneling x3  
  193  22:04  Zergling x14  
  195  22:22  Zergling x10  
  200  22:24  Baneling  
  200  22:25  Baneling x9  
  200  22:34  Baneling  
  200  22:35  Extractor  
  199  22:44  Baneling x3  
  199  22:55  Baneling  
  183  23:24  Zergling x28  
  183  23:25  Zergling x28  
  197  23:37  Extractor  
  197  23:38  Spine Crawler  
  197  23:39  Spine Crawler  
  197  23:40  Spine Crawler, Zergling x14, Spore Crawler  
  199  23:58  Baneling  
  199  23:59  Baneling x6  
  198  24:23  Spore Crawler  
  196  24:25  Spore Crawler  
  196  24:27  Spore Crawler  
  196  24:30  Viper x4  
  194  24:39  Spore Crawler  
  194  24:44  Infestor x3  
  199  24:49  Pathogen Glands  
  199  24:58  Baneling x6  
  193  25:27  Drone x9  
  186  25:44  Zergling x30  
  196  26:03  Spore Crawler x2  
  194  26:06  Hydralisk  
  194  26:07  Hydralisk x4  
  194  26:08  Zergling x2  
  194  26:10  Baneling x2  
  184  26:21  Zergling x6  
  184  26:22  Zergling x38  
  191  26:26  Zergling x24, Spore Crawler x3  
  191  26:27  Spore Crawler  
  191  26:30  Spore Crawler  
  191  26:31  Spore Crawler x2  
  196  26:33  Baneling x2, Spore Crawler  
  196  26:34  Baneling  
  190  26:45  Zergling x26  
  190  26:46  Zergling x12  
  200  26:48  Baneling x7  
  200  26:49  Zergling x6, Baneling x2  
  198  26:58  Baneling x2  
  191  27:10  Zergling x2  
  191  27:11  Zergling x16  
  197  27:22  Baneling x6  
  184  27:25  Zergling x2  
  184  27:26  Zergling x4  
  187  27:30  Zergling x8  
  182  27:46  Baneling x4  
  182  27:51  Zergling x22  
  185  27:53  Baneling x4  
  193  28:02  Zergling x2  
  193  28:03  Zergling x38  
  196  28:12  Zergling x6  
  199  28:13  Baneling x5  
  199  28:14  Baneling x4  
  188  28:28  Hydralisk x6  
  173  28:44  Zergling x2  
  173  28:47  Zergling x2  
  173  28:48  Zergling x34, Overlord x2  
  169  28:50  Zergling x4  
  169  28:51  Zergling x2  
  169  28:52  Baneling x10  
  169  28:53  Baneling x2, Extractor  
  169  28:54  Zergling x4  
  172  28:56  Corruptor x2  
  172  28:59  Corruptor x4  
  172  29:02  Zergling x2  
  185  29:04  Zergling x6  
  185  29:05  Zergling x8  
  172  29:17  Zergling x2  
  172  29:18  Zergling x20  
  172  29:22  Zergling x2  
  172  29:23  Zergling x4  
  172  29:24  Zergling x8  
  188  29:27  Zergling x8  
  188  29:31  Zergling x2  
  193  29:32  Baneling x5  
  193  29:33  Baneling x4  
  193  29:36  Corruptor  
  193  29:37  Corruptor x2  
  199  29:44  Zergling x2  
  200  29:46  Hatchery  
  200  29:47  Baneling x5  
  200  29:50  Zergling x2  
  173  30:07  Zergling x18  
  173  30:11  Baneling x3  
  173  30:12  Zergling x36  
  197  30:18  Baneling x6  
  197  30:19  Zergling x4, Baneling x3  
  199  30:23  Baneling x2  
  199  30:24  Baneling x4  
  199  30:32  Zergling x2  
  199  30:38  Zergling x4  
  199  30:39  Zergling x2  
  199  30:40  Baneling  
  199  30:41  Baneling x9  
  199  30:42  Baneling x7  
  196  30:44  Baneling  
  196  30:45  Baneling x13  
  196  30:46  Baneling x3  
  196  30:48  Zergling x14  
  197  30:50  Zergling x2  
  197  30:51  Zergling x4  
  197  30:56  Zergling x6  
  199  30:58  Zergling x6  
  199  31:03  Zergling x6  
  199  31:07  Zergling x2  
  199  31:08  Zergling x4  
  199  31:09  Zergling x6  
  145  31:30  Corruptor  
  145  31:31  Corruptor x16  
  145  31:32  Corruptor x4  
  145  31:33  Zergling x2  
  145  31:34  Zergling x24  
  145  31:36  Baneling x5  
  145  31:37  Baneling x7  
  145  31:38  Baneling x3  
  145  31:39  Hydralisk  
  154  31:42  Hydralisk x3  
  154  31:44  Baneling x3  
  154  31:45  Zergling x6  
  159  31:48  Baneling x2  
  159  31:49  Zergling x8  
  159  31:50  Zergling x2  
  159  31:51  Zergling x2  
Show
View Real Time Build Order
Export as new Build Order

Maru Terran 

Build Orders: Liberator Opening, Reaper Expand 

Get SALT Encoding   

  12  0:00  SCV  
  13  0:13  SCV  
  14  0:16  Supply Depot  
  14  0:25  SCV  
  15  0:38  SCV  
  15  0:40  Barracks  
  16  0:45  Refinery  
  16  0:50  SCV  
  17  1:02  SCV  
  18  1:14  SCV  
  19  1:27  Orbital Command, Reaper  
  20  1:40  Command Center  
  20  1:52  Supply Depot  
  20  1:54  SCV  
  21  1:59  Marine  
  22  2:08  SCV  
  23  2:09  Factory  
  23  2:15  Engineering Bay  
  23  2:20  Refinery  
  23  2:24  Barracks Reactor  
  23  2:26  SCV  
  23  2:38  SCV  
  24  2:50  SCV  
  25  2:53  Orbital Command  
  25  3:00  Starport  
  25  3:05  Hellion x2  
  29  3:08  SCV  
  29  3:10  Barracks Tech Lab  
  28  3:20  SCV x2  
  28  3:26  Hellion x2  
  34  3:30  Marine  
  34  3:33  SCV x2  
  37  3:37  Medivac  
  39  3:45  SCV x2  
  39  3:46  Supply Depot  
  41  3:53  Liberator  
  41  3:54  Hellion  
  43  3:58  SCV  
  43  4:00  SCV  
  45  4:08  Hellion  
  47  4:11  SCV  
  47  4:12  Supply Depot, SCV  
  52  4:24  SCV  
  53  4:32  Command Center  
  53  4:35  Marine x2  
  55  4:39  Siege Tank  
  55  4:40  SCV  
  55  4:44  SCV  
  56  4:49  Bunker  
  56  4:52  SCV  
  52  4:53  Marine x2, Starport Tech Lab  
  52  4:55  Supply Depot  
  52  4:56  SCV  
  52  4:59  Bunker  
  55  5:04  SCV  
  56  5:08  SCV  
  56  5:09  Supply Depot  
  56  5:11  Siege Tank, Marine x2  
  62  5:17  SCV  
  61  5:28  SCV  
  55  5:29  Marine x2  
  50  5:36  SCV  
  50  5:40  SCV  
  42  5:43  Siege Tank  
  42  5:47  Marine x2  
  42  5:49  SCV  
  46  5:53  SCV  
  40  6:01  SCV  
  38  6:05  Marine x2, SCV  
  44  6:16  SCV  
  42  6:20  Siege Tank  
  42  6:22  Marine  
  42  6:23  Marine  
  43  6:33  SCV  
  43  6:34  SCV  
  43  6:38  Orbital Command  
  45  6:40  Marine x2  
  45  6:45  SCV  
  45  6:46  SCV  
  46  6:58  SCV x2  
  49  7:03  Command Center  
  49  7:04  Supply Depot  
  49  7:07  SCV  
  49  7:10  SCV x2  
  49  7:14  Barracks Tech Lab  
  51  7:19  Siege Tank  
  54  7:24  SCV x2  
  54  7:25  Supply Depot  
  54  7:27  Supply Depot, SCV  
  57  7:35  Marine  
  57  7:36  Stimpack  
  58  7:41  SCV  
  58  7:42  Engineering Bay x2, SCV  
  60  7:45  SCV  
  61  7:53  SCV  
  61  7:54  SCV  
  61  7:57  Barracks, SCV  
  64  8:00  Barracks  
  64  8:05  SCV  
  65  8:07  SCV  
  65  8:08  Starport Reactor  
  65  8:13  Terran Infantry Weapons Level 1, Terran Infantry Armor Level 1  
  65  8:14  SCV  
  65  8:17  SCV  
  65  8:19  SCV  
  68  8:20  Armory  
  68  8:26  Orbital Command, SCV  
  69  8:29  SCV  
  69  8:31  Marine, SCV  
  72  8:38  SCV  
  73  8:45  Marine x2  
  73  8:46  SCV  
  76  8:49  Missile Turret  
  76  8:50  SCV x2, Missile Turret x2  
  76  8:52  Missile Turret  
  76  8:54  Starport Reactor  
  78  8:58  SCV  
  78  8:59  Marine  
  78  9:00  Siege Tank  
  78  9:02  SCV  
  84  9:03  Marine x2, SCV  
  84  9:05  Supply Depot x2  
  87  9:10  Refinery x2  
  87  9:11  SCV  
  87  9:12  SCV  
  87  9:16  Marine  
  90  9:18  Marine x2  
  90  9:21  Marine x2  
  90  9:22  SCV x2  
  90  9:23  Supply Depot  
  96  9:28  Barracks  
  96  9:30  Orbital Command  
  96  9:31  Barracks  
  96  9:34  Marine, SCV x3  
  98  9:46  Combat Shields, Marine x2, SCV  
  98  9:49  Liberator x2  
  98  9:51  SCV x2  
  103  9:57  SCV  
  103  9:58  SCV  
  105  10:03  SCV x2  
  105  10:06  Siege Tank  
  116  10:09  SCV  
  116  10:10  SCV  
  118  10:14  Refinery  
  118  10:15  SCV x2  
  118  10:16  Refinery  
  118  10:17  Supply Depot  
  118  10:19  Supply Depot x2  
  118  10:20  Barracks Tech Lab x2  
  118  10:21  SCV  
  121  10:23  SCV  
  121  10:27  SCV  
  121  10:28  Refinery  
  123  10:34  SCV  
  123  10:35  Supply Depot x2, Refinery  
  124  10:38  SCV  
  124  10:39  SCV x2  
  124  10:42  Siege Tank, Terran Infantry Weapons Level 2  
  130  10:43  Marine x4  
  130  10:44  Marine x3  
  130  10:46  SCV  
  130  10:49  Missile Turret, Medivac x2  
  142  10:53  SCV x2  
  144  11:01  Marine x2  
  146  11:05  Sensor Tower  
  146  11:06  Supply Depot  
  146  11:07  Terran Infantry Armor Level 2  
  146  11:09  Supply Depot  
  146  11:11  Terran Ship Weapons Level 1  
  146  11:13  Marine x2  
  146  11:14  Marine x3  
  151  11:19  Marine x2, Viking x2  
  151  11:22  SCV  
  158  11:30  Command Center  
  157  11:38  Liberator x2  
  153  11:45  Marauder x3, Ghost Academy, Starport  
  159  11:57  Starport  
  159  11:59  Supply Depot x2  
  165  12:12  Sensor Tower  
  165  12:13  Supply Depot  
  165  12:14  Ghost x3  
  171  12:20  Barracks x2  
  171  12:21  Siege Tank, Barracks  
  174  12:28  Starport Tech Lab  
  174  12:32  Marine x3  
  174  12:35  Starport Tech Lab  
  177  12:41  Personal Cloaking  
  177  12:43  Ghost  
  177  13:01  Ghost x2  
  177  13:02  Raven  
  177  13:03  Raven, Viking x2  
  189  13:10  Barracks Tech Lab  
  189  13:11  Barracks Reactor, Barracks Tech Lab, Missile Turret x2  
  189  13:12  Missile Turret  
  179  13:13  Missile Turret  
  179  13:15  Missile Turret  
  179  13:16  Missile Turret  
  179  13:21  Refinery  
  179  13:23  Refinery  
  179  13:24  Unknown x2  
  179  13:26  Planetary Fortress  
  177  13:28  Command Center  
  177  13:30  Ghost x2  
  177  13:31  Ghost  
  177  13:33  Viking  
  185  13:41  Command Center  
  185  13:45  Viking x2  
  185  13:46  Viking  
  191  13:50  Corvid Reactor  
  191  13:53  Unknown x2  
  183  14:14  SCV x4  
  185  14:17  Raven x2  
  185  14:18  Viking x2  
  185  14:23  Command Center  
  193  14:26  SCV  
  193  14:31  SCV x3  
  195  14:43  Terran Infantry Armor Level 3  
  195  14:44  Terran Infantry Weapons Level 3  
  195  14:47  Terran Ship Weapons Level 2  
  192  14:53  Orbital Command  
  192  14:55  Ghost x2  
  196  15:00  Raven  
  195  15:07  Raven  
  194  15:20  Viking  
  194  15:21  Viking  
  198  15:24  Starport  
  198  15:25  Starport  
  198  15:33  Unknown  
  198  15:41  Nuke  
  197  15:57  Raven  
  187  16:04  Ghost x3  
  187  16:05  Ghost x2  
  187  16:07  Raven  
  198  16:25  Orbital Command  
  198  16:36  Command Center, Ghost  
  200  16:43  Raven  
  196  17:09  Ghost x2  
  200  17:18  Unknown x2  
  200  17:19  Unknown  
  200  17:22  Building Armor, Starport Tech Lab x2  
  200  17:23  Armory, Terran Ship Weapons Level 3, Hi-Sec Auto Tracking  
  193  17:50  Liberator x2  
  156  17:58  Raven x3  
  156  17:59  Raven  
  156  18:00  Ghost x2  
  168  18:09  Marauder x2, Marine x7  
  185  18:23  Missile Turret x4  
  185  18:24  Missile Turret x2  
  185  18:25  Missile Turret  
  185  18:27  Marine  
  186  18:35  Marine x3  
  189  18:41  Raven x4  
  176  19:11  Marine x2  
  176  19:12  Marauder x2  
  180  19:20  Marauder x2, Marine  
  180  19:23  Concussive Shells  
  183  19:27  Medivac x2  
  183  19:30  Raven x4  
  195  19:34  Sensor Tower  
  195  19:40  Missile Turret  
  195  19:49  Unknown x4  
  195  19:57  Liberator  
  195  19:58  Liberator x2  
  155  20:10  Unknown  
  155  20:12  Marine x3  
  155  20:13  Marauder x4, Marine, Ghost  
  155  20:14  Marine  
  156  20:18  Marine  
  164  20:30  Marine x4  
  164  20:32  Marine, Widow Mine  
  164  20:33  Ghost  
  164  20:34  Marauder x3, Medivac x2  
  183  20:42  Marauder  
  185  20:43  Marine  
  185  20:48  Marine  
  181  20:52  Marine x3  
  181  20:54  Widow Mine  
  181  20:56  Marauder x3  
  192  21:03  Marauder  
  192  21:04  Marauder  
  196  21:10  Marine x3  
  199  21:19  Sensor Tower  
  199  21:24  Marauder, Medivac  
  190  21:31  Terran Vehicle And Ship Armor Level 1  
  185  21:41  Viking  
  185  21:42  Viking x4  
  192  21:54  Missile Turret, Viking  
  192  21:55  Missile Turret x2  
  192  21:56  Missile Turret x2  
  194  22:07  Marauder, Marine x2  
  194  22:08  Marauder  
  197  22:15  Raven, Viking x2  
  189  22:16  Raven x2  
  195  22:24  Marauder  
  197  22:35  Missile Turret x2  
  197  22:44  Raven  
  199  22:54  Unknown x2  
  199  22:55  Missile Turret  
  197  23:12  Marauder  
  174  23:20  Marauder, Marine x2  
  174  23:21  Marauder x3, Medivac x3  
  174  23:26  Marine x2  
  174  23:27  Marine  
  184  23:31  Raven x2  
  184  23:32  Raven  
  184  23:34  Marauder  
  193  23:40  Sensor Tower  
  193  23:42  Marauder x2, Terran Vehicle And Ship Armor Level 2  
  193  23:47  Marauder, Marine  
  200  23:50  Unknown x3  
  200  23:55  Unknown x3  
  196  25:21  Missile Turret x2  
  196  25:24  Missile Turret  
  196  25:25  Missile Turret  
  196  25:32  Marine x2  
  196  25:33  Marine  
  190  25:37  Nuke  
  190  25:39  Marine x3  
  190  25:40  Marauder x4, Marine  
  196  25:52  Marine x2  
  198  25:58  Marauder  
  200  26:15  Marine x2  
  200  26:16  Marauder, Marine  
  191  26:49  Ghost x5  
  199  27:06  Liberator  
  198  27:10  Marine  
  198  27:11  Marine  
  199  27:20  Marauder, Marine x5  
  199  27:21  Marauder x3  
  189  27:39  Marauder  
  189  27:42  Marine x2  
  189  27:43  Marauder x2  
  195  27:50  Medivac x2  
  199  28:02  Marauder, Marine  
  196  28:07  Nuke  
  189  28:36  Marauder, Marine  
  175  28:44  Marauder, Marine  
  165  28:50  Marauder x2, Marine x2  
  165  28:52  Marine x2  
  165  28:53  Marauder  
  165  28:55  Marine  
  175  28:58  Marauder  
  175  29:02  Marine  
  179  29:06  Marauder  
  179  29:07  Marine  
  179  29:08  Marine  
  183  29:12  Marauder x2  
  183  29:14  Marauder  
  184  29:19  Marauder, Marine x2  
  188  29:27  Marauder, Marine x2  
  192  29:33  Marauder x2  
  192  29:36  Marauder  
  171  30:01  Marine x2  
  171  30:02  Marauder x2  
  175  30:13  Marine  
  175  30:14  Marauder x3, Marine x3  
  185  30:23  Marauder  
  185  30:24  Marine x2  
  185  30:25  Marauder, Medivac x2  
  195  30:31  Marine  
  198  30:35  Marauder  
  197  30:49  Marine x2  
  192  30:50  Marauder  
  122  31:29  Marine  
  122  31:30  Marauder  
  105  31:50  Marine x2  
Tags
 
Add a new tag
Caveats
  • Supply blocks, unpowered buildings, or Contaminate may cause inaccurate times.
  • Supply counts are checked every 10 seconds.